AAA EAST
ST. PAUL SAINTS @ IOWA CUBS
04/22/2042
 
TOP OF THE 1ST
St. Paul Saints batting - Pitching for Iowa Cubs : RHP Doug Minor
Pitching: RHP Doug Minor
Batting: LHB Juan Moreno 0-0: Called Strike
0-1: Ground out 6-3 (Groundball, 6, EV 107.5 MPH)
Batting: LHB Rubén Rosete 0-0: Ball
1-0: Foul Ball, location: 2RF
1-1: Ground out 5-3 (Groundball, 56, EV 106.9 MPH)
Batting: RHB Leonardo Boccasino 0-0: Ball
1-0: Ball
2-0: Swinging Strike
2-1: SOLO HOME RUN (Flyball, 7D, EV 103.1 MPH), Distance : 375 ft
Batting: LHB José Toledo 0-0: Swinging Strike
0-1: Ball
1-1: Swinging Strike
1-2: Ball
2-2: Ball
3-2: DOUBLE (Flyball, 8RXD, EV 108.8 MPH)
Batting: RHB António Ortíz 0-0: Called Strike
0-1: SINGLE (Line Drive, 7LM, EV 96.9 MPH)
José Toledo to third
Runner from 3rd tries for Home, SAFE, throw by LF to home
Batting: LHB Jeremy Rossano 0-0: Ball
António Ortíz steals 2nd base
1-0: Foul Ball, location: 9LSF
1-1: Called Strike
1-2: Ball
2-2: Ground out 2-3 (Groundball, 2L, EV 67.5 MPH)
Top of the 1st over - 2 runs, 3 hits, 0 errors, 1 left on base; St. Paul 2 - Iowa 0
BOTTOM OF THE 1ST
Iowa Cubs batting - Pitching for St. Paul Saints : RHP Greg Giles
Pitching: RHP Greg Giles
Batting: RHB Víctor Aquino 0-0: Ball
1-0: Ball
2-0: Foul Ball, location: 2F
2-1: Ground out 6-3 (Groundball, 6, EV 81.9 MPH)
Batting: LHB Doug Conway 0-0: SINGLE (Groundball, 34, EV 80.0 MPH)
Batting: LHB Eric Roach 0-0: Ball
1-0: Called Strike
1-1: Called Strike
1-2: Foul Ball, location: 2F
1-2: Ball
2-2: Strikes out swinging
Batting: LHB Mauro Martínez 0-0: Ball
1-0: Ball
2-0: Ball
3-0: Base on Balls
Doug Conway to second
Batting: RHB Jimmy Shaw 0-0: Ball
1-0: 3-RUN HOME RUN (Flyball, 89XD, EV 103.8 MPH), Distance : 402 ft
Batting: RHB José Féliz 0-0: Ball
1-0: Fly out, F3 (Popup, 3, EV 66.3 MPH)
Bottom of the 1st over - 3 runs, 2 hits, 0 errors, 0 left on base; St. Paul 2 - Iowa 3
TOP OF THE 2ND
St. Paul Saints batting - Pitching for Iowa Cubs : RHP Doug Minor
Batting: RHB Jesús Carranza 0-0: Foul Ball, location: 2F
0-1: Ground out 4-3 (Groundball, 34, EV 104.4 MPH)
Batting: LHB Jeremy Castle 0-0: Ball
1-0: Foul Ball, location: 5SF
1-1: Ball
2-1: Ball
3-1: Foul Ball, location: 2F
3-2: Fly out, F9 (Line Drive, 9D, EV 95.6 MPH)
Batting: RHB Jim Unknown 0-0: Called Strike
0-1: Called Strike
0-2: Ball
1-2: Ball
2-2: Strikes out swinging
Top of the 2nd over - 0 runs, 0 hits, 0 errors, 0 left on base; St. Paul 2 - Iowa 3
BOTTOM OF THE 2ND
Iowa Cubs batting - Pitching for St. Paul Saints : RHP Greg Giles
Batting: RHB Dewitt Bass 0-0: Ball
1-0: Foul Ball, location: 3SF
1-1: Called Strike
1-2: Ball
2-2: Ball
3-2: Foul Ball, location: 7LMF
3-2: SINGLE (Line Drive, 34D, EV 101.3 MPH)
Batting: LHB Álex Pérez 0-0: Ball
1-0: Ball
2-0: Bunted foul
2-1: Sac Bunt to 2R - play at first, batter OUT! 2-3
Dewitt Bass to second
Batting: RHB Wilson Díaz 0-0: Foul Ball, location: 7LSF
0-1: Ball
1-1: Swinging Strike
1-2: Foul Ball, location: 25F
1-2: Foul Ball, location: 5SF
1-2: Foul Ball, location: 2F
1-2: Foul Ball, location: 23FF
1-2: Ground out 5-3 (Groundball, 56S, EV 85.6 MPH)
Batting: RHB Víctor Aquino 0-0: Swinging Strike
0-1: Foul Ball, location: 5DF
0-2: SINGLE (Groundball, 6MD, EV 95.0 MPH)
Dewitt Bass to third
Runner from 3rd tries for Home, SAFE, throw by CF to home
Víctor Aquino to second
Batting: LHB Doug Conway 0-0: SINGLE (Line Drive, 4D, EV 99.4 MPH)
Víctor Aquino to third
Runner from 3rd tries for Home, SAFE, throw by CF to home
Batting: LHB Eric Roach 0-0: Ball
1-0: Ball
2-0: Swinging Strike
2-1: Fly out, F7 (Flyball, 78M, EV 83.8 MPH)
Bottom of the 2nd over - 2 runs, 3 hits, 0 errors, 1 left on base; St. Paul 2 - Iowa 5
TOP OF THE 3RD
St. Paul Saints batting - Pitching for Iowa Cubs : RHP Doug Minor
Batting: LHB Juan Moreno 0-0: Called Strike
0-1: Swinging Strike
0-2: Foul Ball, location: 7LMF
0-2: Ball
1-2: Foul Ball, location: 2F
1-2: Fly out, F7 (Flyball, 7LSF, EV 91.9 MPH)
Batting: LHB Rubén Rosete 0-0: Ground out 4-3 (Groundball, 4, EV 85.0 MPH)
Batting: RHB Leonardo Boccasino 0-0: Ball
1-0: Ball
2-0: Swinging Strike
2-1: Called Strike
2-2: Ball
3-2: Base on Balls
Batting: LHB José Toledo 0-0: Called Strike
Leonardo Boccasino is caught stealing 2nd base 2-6
Top of the 3rd over - 0 runs, 0 hits, 0 errors, 0 left on base; St. Paul 2 - Iowa 5
BOTTOM OF THE 3RD
Iowa Cubs batting - Pitching for St. Paul Saints : RHP Greg Giles
Batting: LHB Mauro Martínez 0-0: Called Strike
0-1: Foul Ball, location: 25FF
0-2: Strikes out looking
Batting: RHB Jimmy Shaw 0-0: Swinging Strike
0-1: Called Strike
0-2: Ball
1-2: Strikes out swinging
Batting: RHB José Féliz 0-0: Ball
1-0: Ball
2-0: Foul Ball, location: 9LDF
2-1: Called Strike
2-2: Strikes out looking
Bottom of the 3rd over - 0 runs, 0 hits, 0 errors, 0 left on base; St. Paul 2 - Iowa 5
TOP OF THE 4TH
St. Paul Saints batting - Pitching for Iowa Cubs : RHP Doug Minor
Batting: LHB José Toledo 0-0: Fly out, F2 (Popup, 5SF, EV 83.8 MPH)
Batting: RHB António Ortíz 0-0: Ball
1-0: Ball
2-0: Ground out 6-3 (Groundball, 6, EV 82.5 MPH)
Batting: LHB Jeremy Rossano 0-0: DOUBLE (Line Drive, 78M, EV 106.9 MPH)
Batting: RHB Jesús Carranza 0-0: Called Strike
0-1: Ball
1-1: Ground out 5-3 (Groundball, 5, EV 103.8 MPH)
Top of the 4th over - 0 runs, 1 hit, 0 errors, 1 left on base; St. Paul 2 - Iowa 5
BOTTOM OF THE 4TH
Iowa Cubs batting - Pitching for St. Paul Saints : RHP Greg Giles
Batting: RHB Dewitt Bass 0-0: Called Strike
0-1: Ball
1-1: Ball
2-1: Foul Ball, location: 5SF
2-2: Strikes out swinging
Batting: LHB Álex Pérez 0-0: Ball
1-0: SINGLE (Line Drive, 6MD, EV 97.5 MPH)
Batting: RHB Wilson Díaz 0-0: Ball
1-0: Ball
Álex Pérez steals 2nd base
2-0: Foul Ball, location: 3FF
2-1: Foul Ball, location: 23FF
2-2: Ball
3-2: Foul Ball, location: 9LSF
3-2: SINGLE (Line Drive, 9S, EV 103.8 MPH)
Álex Pérez to third
Pitching: RHP Rubén Flores
Batting: RHB Víctor Aquino 0-0: Called Strike
0-1: Called Strike
0-2: Fly out, F8 (Flyball, 8RM, EV 85.6 MPH)
Runner from 3rd tags up, SCORES, no throw by CF
Batting: LHB Doug Conway 0-0: Ball
1-0: Ball
Wilson Díaz steals 2nd base
2-0: Ball
3-0: Called Strike
3-1: Swinging Strike
3-2: Foul Ball, location: 3F
3-2: SINGLE (Groundball, 4MD, EV 104.4 MPH)
Wilson Díaz to third
Runner from 3rd tries for Home, SAFE, throw by CF to home
Batting: LHB Eric Roach 0-0: Called Strike
Doug Conway steals 2nd base
0-1: Ball
1-1: Ball
2-1: Ball
3-1: Base on Balls
Batting: LHB Mauro Martínez 0-0: Ball
1-0: Ball
2-0: Ball
3-0: Base on Balls
Doug Conway to third
Eric Roach to second
Batting: RHB Jimmy Shaw 0-0: Ball
1-0: Swinging Strike
1-1: Fly out, F7 (Flyball, 7, EV 93.1 MPH)
Bottom of the 4th over - 2 runs, 3 hits, 0 errors, 3 left on base; St. Paul 2 - Iowa 7
TOP OF THE 5TH
St. Paul Saints batting - Pitching for Iowa Cubs : RHP Doug Minor
Batting: LHB Jeremy Castle 0-0: Ball
1-0: Ball
2-0: Called Strike
2-1: DOUBLE (Line Drive, 7LS, EV 111.3 MPH)
Batting: RHB Jim Unknown 0-0: Ball
1-0: SINGLE (Groundball, 6MD, EV 98.8 MPH)
Jeremy Castle to third
Batting: LHB Juan Moreno 0-0: Fielders Choice at 2nd, 4-6 (Groundball, 13, EV 83.8 MPH)
Jeremy Castle scores
Batting: LHB Rubén Rosete 0-0: Foul Ball, location: 2F
0-1: Ball
Juan Moreno steals 2nd base
1-1: Ball
2-1: Fly out, F8 (Flyball, 78M, EV 93.8 MPH)
Batting: RHB Leonardo Boccasino 0-0: Called Strike
0-1: Ball
1-1: Ball
2-1: Ball
3-1: Foul Ball, location: 9LDF
3-2: Foul Ball, location: 25FF
3-2: SINGLE (Flyball, 8RS, EV 86.9 MPH)
Juan Moreno to third
Runner from 3rd tries for Home, SAFE, throw by CF to home
Batting: LHB José Toledo 0-0: Ball
1-0: Called Strike
1-1: Ball
2-1: Ball
3-1: Fly out, F8 (Flyball, 8LD, EV 111.3 MPH)
Top of the 5th over - 2 runs, 3 hits, 0 errors, 1 left on base; St. Paul 4 - Iowa 7
BOTTOM OF THE 5TH
Iowa Cubs batting - Pitching for St. Paul Saints : RHP Rubén Flores
Batting: RHB José Féliz 0-0: Ball
1-0: SINGLE (Flyball, 3D, EV 86.3 MPH)
Batting: RHB Dewitt Bass 0-0: Ball
1-0: Called Strike
1-1: Ball
2-1: Fly out, F7 (Flyball, 78S, EV 83.1 MPH)
Batting: LHB Álex Pérez 0-0: Fielders Choice at 2nd, 5-4 (Groundball, 56, EV 101.9 MPH)
Batting: RHB Wilson Díaz 0-0: Ball
1-0: Ball
2-0: Ball
3-0: Called Strike
3-1: Base on Balls
Álex Pérez to second
Batting: RHB Víctor Aquino 0-0: Ball
1-0: Ball
2-0: Ball
3-0: Called Strike
3-1: SINGLE (Groundball, 4MD, EV 104.4 MPH)
Álex Pérez to third
Wilson Díaz to second
Runner from 3rd tries for Home, SAFE, throw by CF to home
Batting: LHB Doug Conway 0-0: Swinging Strike
0-1: Ball
1-1: Called Strike
1-2: Ball
2-2: Foul Ball, location: 7LSF
2-2: Strikes out swinging
Bottom of the 5th over - 1 run, 2 hits, 0 errors, 2 left on base; St. Paul 4 - Iowa 8
TOP OF THE 6TH
St. Paul Saints batting - Pitching for Iowa Cubs : RHP Doug Minor
Batting: RHB António Ortíz 0-0: Ball
1-0: Ball
2-0: Ball
3-0: Base on Balls
Batting: LHB Jeremy Rossano 0-0: Called Strike
0-1: Ball
1-1: Ball
2-1: DOUBLE (Line Drive, 7LS, EV 110.6 MPH)
António Ortíz to third
Runner from 3rd tries for Home, SAFE, throw by LF to home
Pitching: LHP Juan Sousa
Batting: RHB Jesús Carranza 0-0: Ball
1-0: Ball
Jeremy Rossano steals 3rd base
2-0: DOUBLE (Line Drive, 9LM, EV 108.8 MPH)
Jeremy Rossano scores
Batting: LHB Jeremy Castle 0-0: Called Strike
0-1: Ball
1-1: Ball
2-1: Swinging Strike
2-2: Strikes out swinging
Batting: RHB Jim Unknown 0-0: Called Strike
0-1: Swinging Strike
0-2: Foul Ball, location: 5DF
0-2: Strikes out swinging
Batting: LHB Juan Moreno 0-0: Ground out 4-3 (Groundball, 4, EV 81.3 MPH)
Top of the 6th over - 2 runs, 2 hits, 0 errors, 1 left on base; St. Paul 6 - Iowa 8
BOTTOM OF THE 6TH
Iowa Cubs batting - Pitching for St. Paul Saints : RHP Rubén Flores
Pitching: LHP Jorge Vélez
Batting: LHB Eric Roach 0-0: Ball
1-0: Foul Ball, location: 2F
1-1: SINGLE (Line Drive, 5D, EV 97.5 MPH)
Batting: LHB Mauro Martínez 0-0: Ball
1-0: Called Strike
1-1: Ball
2-1: Ball
3-1: Called Strike
3-2: Ground out U3 (Groundball, 3S, EV 65.0 MPH)
Eric Roach to second
Batting: RHB Jimmy Shaw 0-0: Ground out 1-3 (Groundball, 34S, EV 66.9 MPH)
Batting: RHB José Féliz 0-0: Called Strike
0-1: Called Strike
0-2: Foul Ball, location: 23FF
0-2: Strikes out swinging
Bottom of the 6th over - 0 runs, 1 hit, 0 errors, 1 left on base; St. Paul 6 - Iowa 8
TOP OF THE 7TH
St. Paul Saints batting - Pitching for Iowa Cubs : LHP Juan Sousa
Batting: LHB Rubén Rosete 0-0: DOUBLE (Line Drive, 7LS, EV 94.4 MPH)
Batting: RHB Leonardo Boccasino 0-0: Ball
1-0: Ball
2-0: Called Strike
2-1: Called Strike
2-2: Strikes out swinging
Batting: LHB José Toledo 0-0: Ground out U3 (Groundball, 3, EV 86.3 MPH)
Rubén Rosete to third
Batting: RHB António Ortíz 0-0: Ball
1-0: SINGLE (Groundball, 3D, EV 109.4 MPH)
Rubén Rosete scores
Batting: LHB Jeremy Rossano 0-0: Called Strike
0-1: Swinging Strike
0-2: Ball
1-2: Ball
2-2: Strikes out looking
Top of the 7th over - 1 run, 2 hits, 0 errors, 1 left on base; St. Paul 7 - Iowa 8
BOTTOM OF THE 7TH
Iowa Cubs batting - Pitching for St. Paul Saints : LHP Jorge Vélez
Batting: RHB Dewitt Bass 0-0: Ball
1-0: Called Strike
1-1: Called Strike
1-2: Ball
2-2: Strikes out swinging
Batting: LHB Álex Pérez 0-0: Ball
1-0: Called Strike
1-1: Ball
2-1: Ball
3-1: Foul Ball, location: 2LF
3-2: Strikes out swinging
Batting: RHB Wilson Díaz 0-0: Swinging Strike
0-1: Ball
1-1: Foul Ball, location: 7LMF
1-2: Ball
2-2: Foul Ball, location: 5FF
2-2: Strikes out swinging
Bottom of the 7th over - 0 runs, 0 hits, 0 errors, 0 left on base; St. Paul 7 - Iowa 8
TOP OF THE 8TH
St. Paul Saints batting - Pitching for Iowa Cubs : LHP Juan Sousa
Batting: RHB Jesús Carranza 0-0: Foul Ball, location: 3DF
0-1: Ball
1-1: Foul Ball, location: 2RF
1-2: SINGLE (Flyball, 56D, EV 85.6 MPH)
Batting: LHB Jeremy Castle 0-0: Ball
1-0: Sac Bunt to 15S - play at first, batter OUT! 1-3
Jesús Carranza to second
Batting: RHB Jim Unknown 0-0: Ball
1-0: Swinging Strike
1-1: Foul Ball, location: 3SF
1-2: Strikes out swinging
Batting: RHB José Chacón 0-0: Ball
1-0: Ball
2-0: Foul Ball, location: 2F
2-1: Foul Ball, location: 23F
2-2: Ground out 4-3 (Groundball, 4, EV 81.3 MPH)
Top of the 8th over - 0 runs, 1 hit, 0 errors, 1 left on base; St. Paul 7 - Iowa 8
BOTTOM OF THE 8TH
Iowa Cubs batting - Pitching for St. Paul Saints : LHP Jorge Vélez
Batting: RHB Víctor Aquino 0-0: Called Strike
0-1: Foul Ball, location: 9LDF
0-2: Foul Ball, location: 9LSF
0-2: Foul Ball, location: 7LDF
0-2: Ball
1-2: Strikes out looking
Batting: LHB Doug Conway 0-0: Foul Ball, location: 2F
0-1: SINGLE (Groundball, 4MD, EV 95.0 MPH)
Batting: LHB Eric Roach 0-0: Called Strike
Doug Conway is caught stealing 2nd base 2-6
0-1: Ball
1-1: Foul Ball, location: 2F
1-2: SINGLE (Groundball, 4MD, EV 106.3 MPH)
Batting: LHB Mauro Martínez 0-0: Ball
1-0: Ball
2-0: Called Strike
Eric Roach is caught stealing 2nd base 2-6
Bottom of the 8th over - 0 runs, 2 hits, 0 errors, 0 left on base; St. Paul 7 - Iowa 8
TOP OF THE 9TH
St. Paul Saints batting - Pitching for Iowa Cubs : LHP Juan Sousa
Pitching: RHP Raúl González
Batting: LHB Rubén Rosete 0-0: SINGLE (Groundball, P, EV 78.1 MPH) (infield hit)
Pinch Hitting: LHB Joe McMahon 0-0: Ball
1-0: 2-RUN HOME RUN (Flyball, 9LD, EV 96.9 MPH), Distance : 381 ft
Batting: LHB José Toledo 0-0: Foul Ball, location: 7LMF
0-1: Ball
1-1: DOUBLE (Line Drive, 9LM, EV 106.9 MPH) - OUT at third base trying to stretch hit.
Batting: RHB António Ortíz 0-0: Called Strike
0-1: Ball
1-1: Foul Ball, location: 23F
1-2: Ball
2-2: Ball
3-2: Base on Balls
Batting: LHB Jeremy Rossano 0-0: Grounds into double play, U6-3 (Groundball, 6M, EV 103.1 MPH)
Top of the 9th over - 2 runs, 3 hits, 0 errors, 0 left on base; St. Paul 9 - Iowa 8
BOTTOM OF THE 9TH
Iowa Cubs batting - Pitching for St. Paul Saints : LHP Jorge Vélez
Pitching: RHP Brad Hunter
Now in LF: Joe McMahon
Batting: LHB Mauro Martínez 0-0: Called Strike
0-1: Ball
1-1: Ground out U3 (Groundball, 3S, EV 64.4 MPH)
Batting: RHB Jimmy Shaw 0-0: Foul Ball, location: 2F
0-1: Ball
1-1: Ground out 4-3 (Groundball, 34, EV 103.8 MPH)
Batting: LHB Stan West 0-0: Ground out 6-3 (Groundball, 56, EV 90.6 MPH)
Bottom of the 9th over - 0 runs, 0 hits, 0 errors, 0 left on base; St. Paul 9 - Iowa 8
Friday, May 3rd , 2024 - OOTP Baseball 24.10 Build 82